 Dungeon Crawl Stone Soup version 0.28.0-53-g5a82cb258f (webtiles) character file.

Game seed: 2208714778534484442

892038 megamayne420 the Executioner (level 27, 100/230 (239) HPs)
             Began as a Hill Orc Abyssal Knight on Aug 15, 2022.
             Was the Champion of the Shining One.
             Quit the game on level 1 of the Iron City of Dis on Aug 17, 2022.
             The game lasted 04:21:47 (31160 turns).

megamayne420 the Executioner (HOAK)                Turns: 31160, Time: 04:21:48

HP:   100/230 (239) AC: 37    Str: 29      XL:     27
MP:   6/35          EV: 11    Int:  6 (8)  God:    the Shining One [******]
Gold: 2441          SH:  4    Dex: 13      Spells: 32/41 levels left

rFire   + + .      SeeInvis .   G - +9 executioner's axe (holy)
rCold   + + .      Faith    .   (shield currently unavailable)
rNeg    + + +      Spirit   .   Y - +9 scales of the Dragon King {rPois rF+ rC+ Will+}
rPois   +          Reflect  .   Q - +2 helmet of Tulips {+Inv rElec rF+ Str+3}
rElec   +          Harm     .   B - scarf {repulsion}
rCorr   +          Rampage  .   R - +3 pair of gloves of the Sixty-Six Shrikes {*Corrode rPois rN+++ Regen+}
Will    +++..                   D - +2 pair of boots {Fly}
Stlth   ..........              E - amulet of Vehumet's Favour {rC+ Regen+}
HPRegen 2.08/turn               p - +4 ring of slaying
MPRegen 0.24/turn               O - ring of Panunup {rCorr AC+4}

@: flying, glowing, studying 2 skills, lightly drained, repel missiles, corroded
A: iridescent scales 1, large bone plates 1, clumsy 1, deformed body, dopey 1,
low MP 1, [frail 1]
}: 11/15 runes: serpentine, barnacled, slimy, silver, golden, abyssal, demonic,
glowing, magical, fiery, dark
a: Renounce Religion, Evoke Invisibility, Divine Shield, Cleansing Flame, Summon
Divine Warrior


You were on level 1 of the Iron City of Dis.
You worshipped the Shining One.
The Shining One was exalted by your worship.
You visited 14 branches of the dungeon, and saw 55 of its levels.
You visited Pandemonium 1 time, and saw 18 of its levels.
You visited the Abyss 9 times.
You visited 2 ziggurats, and saw 32 of their levels (deepest: 20).
You also visited: Ice Cave.

You collected 6585 gold pieces.
You spent 4144 gold pieces at shops.

Inventory:

Hand Weapons
 c - a +5 vorpal bardiche
 f - the +8 frozen axe "Frostbite" {freezing cloud, *Noise Fly rC+}
   (You found it on level 3 of the Tomb of the Ancients)

   It freezes those it strikes, dealing additional cold damage.
   It can also slow down cold-blooded creatures.
   It occasionally leaves clouds of freezing vapour upon striking a foe.
   It grants immunity to clouds of freezing vapour.
   rC:        It protects you from cold.
   Fly:       It grants you flight.
   *Noise:    It may make noises in combat.
 G - a +9 executioner's axe of holy wrath (weapon)
Missiles
 j - 7 curare-tipped darts
 q - 10 silver javelins (quivered)
Armour
 b - the +2 cloak of the Thief {*Fog Slay-2 SInv Stlth+}
   (You bought it in a shop on level 4 of the Depths)

   It may release a thick cloud of smoke when the wearer is hurt.
   Slay:      It affects your accuracy & damage with ranged weapons and melee
   (-2).
   SInv:      It lets you see invisible.
   Stlth:     It makes you more stealthy.
 g - the +2 hood of the Assassin {Detection Stab+ Stlth++}
   (You found it on level 5 of a ziggurat)

   It allows the wearer to sense nearby creatures.
   It allows the wearer to make particularly effective stabbing attacks against
   helpless or unaware enemies with any weapon.
   Stlth:     It makes you much more stealthy.
 B - a scarf of repulsion (worn)
 D - a +2 pair of boots of flying (worn)
 Q - the +2 helmet of Tulips (worn) {+Inv rElec rF+ Str+3}
   (You found it on level 4 of a ziggurat)

   Str:       It affects your strength (+3).
   rF:        It protects you from fire.
   rElec:     It insulates you from electricity.
   +Inv:      It lets you turn invisible.
 R - the +3 pair of gloves of the Sixty-Six Shrikes (worn) {*Corrode rPois rN+++ Regen+}
   (You bought it in a shop on level 12 of the Dungeon)

   rPois:     It protects you from poison.
   rN:        It renders you almost immune to negative energy.
   Regen:     It increases your rate of health regeneration.
   *Corrode:  It may corrode you when you take damage.
 Y - the +9 scales of the Dragon King (worn) {rPois rF+ rC+ Will+}
   (You bought it in a shop on level 12 of the Dungeon)

   rF:        It protects you from fire.
   rC:        It protects you from cold.
   rPois:     It protects you from poison.
   Will:      It increases your willpower.
Jewellery
 a - the ring "Quwuleis" {rElec rF+ rN+ Str+3 Dex+3}
   (You found it on level 1 of the Vaults)

   [ring of positive energy]

   Str:       It affects your strength (+3).
   Dex:       It affects your dexterity (+3).
   rF:        It protects you from fire.
   rElec:     It insulates you from electricity.
   rN:        It protects you from negative energy.
 h - a +4 ring of evasion
 k - the amulet of Belejet {Spirit Will+ rCorr}
   (You found it on level 12 of a ziggurat)

   [amulet of guardian spirit]

   It causes incoming damage to be divided between your reserves of health and
   magic.
   rCorr:     It protects you from acid and corrosion.
   Will:      It increases your willpower.
 p - a +4 ring of slaying (left hand)
 z - the ring of the Sun {+Blink rCorr Int+6 SInv}
   (You found it in Pandemonium)

   [ring of see invisible]

   Int:       It affects your intelligence (+6).
   SInv:      It lets you see invisible.
   +Blink:    It lets you blink.
   rCorr:     It protects you from acid and corrosion.
 E - the amulet of Vehumet's Favour (around neck) {rC+ Regen+}
   (You took it off a vault sentinel on level 5 of the Vaults)

   [amulet of regeneration]

   rC:        It protects you from cold.
   Regen:     It increases your rate of health regeneration.
 J - a ring of flight
 O - the ring of Panunup (right hand) {rCorr AC+4}
   (You acquired it on level 10 of a ziggurat)

   [ring of protection]

   AC:        It affects your AC (+4).
   rCorr:     It protects you from acid and corrosion.
 P - the amulet of Untiemo {Reflect Rampage SH+5 SInv}
   (You found it on level 17 of a ziggurat)

   [amulet of reflection]

   It reflects blocked missile attacks.
   SInv:      It lets you see invisible.
   SH:        It affects your SH (+5).
   Rampage:   It bestows one free step when moving towards enemies.
Wands
 o - a wand of iceblast (17)
 y - a wand of digging (1)
 F - a wand of acid (2)
 Z - a wand of paralysis (7)
Scrolls
 d - 28 scrolls of identify
 r - a scroll of summoning
 t - 2 scrolls of brand weapon
 v - 2 scrolls of immolation
 w - 11 scrolls of enchant armour
 x - 13 scrolls of fog
 A - 2 scrolls of silence
 K - 20 scrolls of enchant weapon
 M - 7 scrolls of holy word
 N - a scroll of magic mapping
 S - 4 scrolls of fear
 U - 17 scrolls of teleportation
 X - 10 scrolls of blinking
Potions
 e - 12 potions of curing
 l - a potion of brilliance
 m - a potion of ambrosia
 n - 6 potions of attraction
 H - 8 potions of lignification
 I - 3 potions of berserk rage
 L - a potion of cancellation
 T - 2 potions of resistance
 V - 11 potions of heal wounds
 W - 10 potions of mutation
Miscellaneous
 i - a phantom mirror
 s - a phial of floods
 u - a tin of tremorstones (2/2)


   Skills:
 - Level 25.2 Fighting
 - Level 26.0 Axes
 + Level 11.9 Throwing
 - Level 21.2 Armour
 - Level 11.2 Dodging
 - Level 15.0 Shields
 - Level 7.8 Spellcasting
 - Level 14.0 Translocations
 - Level 12.1 Transmutations
 + Level 24.7 Invocations
 - Level 11.6 Evocations


You had 32 spell levels left.
You knew the following spells:

 Your Spells              Type           Power      Damage    Failure   Level
a - Apportation           Tloc           38%        N/A       1%          1
b - Wereblood             Tmut           16%        N/A       2%          2
c - Blink                 Tloc           38%        N/A       1%          2
d - Passage of Golubria   Tloc           19%        N/A       7%          4

Your spell library contained the following spells:

 Spells                   Type           Power      Damage    Failure   Level
 Beastly Appendage        Tmut           32%        N/A       1%          1
 Gell's Gravitas          Tloc           19%        N/A       1%          3
 Lesser Beckoning         Tloc           19%        N/A       1%          3
 Teleport Other           Tloc           19%        N/A       1%          3
 Sting                    Tmut/Pois      36%        1d4       19%         1
 Manifold Assault         Tloc           19%        N/A       19%         5
 Passwall                 Tmut/Erth      7%         N/A       26%         2
 Portal Projectile        Hex/Tloc       20%        N/A       36%         3
 Blade Hands              Tmut           8%         N/A       38%         5
 Spider Form              Tmut/Pois      9%         N/A       47%         3
 Dispersal                Tloc           9%         N/A       71%         6
 Ignite Poison            Fire/Tmut/Pois 7%         N/A       77%         3
 Iskenderun's Mystic Bla  Conj/Tloc      10%        2d4       77%         4
 Animate Skeleton         Necr           4%         N/A       91%         1
 Magic Dart               Conj           8%         1d3       91%         1
 Pain                     Necr           8%         1d4       91%         1
 Slow                     Hex            8%         N/A       91%         1
 Summon Small Mammal      Summ           8%         N/A       91%         1
 Ensorcelled Hibernation  Hex/Ice        4%         N/A       97%         2
 Scorch                   Fire           4%         2d5       97%         2
 Searing Ray              Conj           4%         2d4       97%         2
 Static Discharge         Conj/Air       2%         N/A       97%         2
 Sublimation of Blood     Necr           2%         N/A       97%         2
 Summon Forest            Summ/Tloc      5%         N/A       98%         5
 Alistair's Intoxication  Tmut/Pois      6%         N/A       99%         5
 Irradiate                Conj/Tmut      4%         3d15      99%         5
 Yara's Violent Unravell  Hex/Tmut       4%         3d4       99%         5
 Call Canine Familiar     Summ           2%         N/A       100%        3
 Confusing Touch          Hex            2%         N/A       100%        3
 Dazzling Flash           Conj/Hex       4%         N/A       100%        3
 Mephitic Cloud           Conj/Pois/Air  2%         N/A       100%        3
 Ozocubu's Armour         Ice            2%         N/A       100%        3
 Summon Guardian Golem    Hex/Summ       2%         N/A       100%        3
 Swiftness                Air            2%         N/A       100%        3
 Vampiric Draining        Necr           2%         2d6       100%        3
 Animate Armour           Summ/Erth      4%         N/A       100%        4
 Flame Wave               Conj/Fire      2%         2d4       100%        4
 Fulminant Prism          Conj/Hex       1%         3d6       100%        4
 Leda's Liquefaction      Hex/Erth       1%         N/A       100%        4
 Sticky Flame             Conj/Fire      2%         2d3       100%        4
 Borgnjor's Vile Clutch   Necr/Erth      1%         N/A       100%        5
 Excruciating Wounds      Necr           1%         N/A       100%        5
 Fireball                 Conj/Fire      1%         3d3       100%        5
 Freezing Cloud           Conj/Ice/Air   1%         6-21      100%        5
 Lee's Rapid Deconstruct  Erth           1%         3d5*      100%        5
 Lightning Bolt           Conj/Air       1%         1d12      100%        5
 Eringya's Noxious Bog    Tmut/Pois      4%         N/A       100%        6
 Starburst                Conj/Fire      1%         6d3       100%        6
 Summon Cactus Giant      Summ           1%         N/A       100%        6
 Dragon Form              Tmut           8%         N/A       100%        7
 Enfeeble                 Hex            1%         N/A       100%        7
 Haunt                    Necr/Summ      1%         N/A       100%        7
 Malign Gateway           Summ/Tloc      5%         N/A       100%        7
 Monstrous Menagerie      Summ           1%         N/A       100%        7
 Ozocubu's Refrigeration  Ice            1%         4d5       100%        7
 Storm Form               Tmut/Air       4%         N/A       100%        7
 Summon Hydra             Summ           1%         N/A       100%        7
 Discord                  Hex            1%         N/A       100%        8
 Disjunction              Tloc           9%         N/A       100%        8
 Ignition                 Fire           1%         3d3       100%        8


Dungeon Overview and Level Annotations

Branches:
Dungeon (15/15)            Temple (1/1) D:5            Lair (6/6) D:10
 Shoals (4/4) Lair:2        Snake (4/4) Lair:4        Slime (5/5) Lair:5
    Orc (2/2) D:12            Elf (1/3) Orc:2        Vaults (5/5) D:13
  Crypt (3/3) Vaults:2       Tomb (3/3) Crypt:3      Depths (4/4) D:15
   Hell (visited)             Dis (1/7) Hell          IceCv (visited)
    Geh: Hell:1         Coc: Hell:1         Tar: Hell:1         Zot: Depths:4

Altars:
Ashenzari
Cheibriados
Dithmenos
Elyvilon
Fedhas
Gozag
Kikubaaqudgha
Makhleb
Nemelex Xobeh
Okawaru
Qazlal
Ru
Sif Muna
Trog
Uskayaw
Vehumet
Wu Jian
Xom
Yredelemnul
The Shining One
Beogh
Jiyva

Shops:
D:8 =   D:12 [*:[(   Orc:2 (:*!   Snake:1 *[   Snake:3 :==   Vaults:3 *
Vaults:5 ??   Depths:4 =?[![

Portals:
Hell: Depths:3 Depths:4
Abyss: Depths:2 Depths:3
Pandemonium: Orc:2 Depths:3

Annotations:
D:2 Sigmund
D:3 Natasha
Shoals:2 Ilsuiw, Polyphemus
Shoals:3 Roxanne
Snake:2 exclusion: upstairs
Slime:5 corrupted
Abyss:1 Josephine


Innate Abilities, Weirdness & Mutations

You are partially covered in iridescent scales. (AC +2)
You are partially covered in large bone plates. (SH +4)
You are clumsy. (Dex -2)
Armour fits poorly on your strangely shaped body.
You are dopey. (Int -2)
Your magical capacity is low. (-10% MP)
[You are frail. (-10% HP)]


Message History

Your daeva falters for a moment.
The quicksilver elemental hits your daeva but does no damage.
Your daeva completely misses the quicksilver elemental.
Your daeva hits the quicksilver elemental with a +5 eudemon blade of holy wrath!!
You swap places.
The quicksilver elemental hits you.
You feel your power leaking away.
You hit the quicksilver elemental.
The quicksilver elemental is almost destroyed.
The quicksilver elemental hits you.
You feel your power leaking away.
You completely miss the quicksilver elemental.
The quicksilver elemental is almost destroyed.
The quicksilver elemental hits you but does no damage.
Your daeva falters for a moment.
The quicksilver elemental hits you but does no damage.
Your daeva falters for a moment.
Your daeva's magic is no longer disrupted.
The quicksilver elemental breathes dispelling energy at you.
The bolt of dispelling energy hits you!!
Your magical effects are unravelling.
You miss the quicksilver elemental.
The quicksilver elemental is almost destroyed.
You are no longer corroded.
The quicksilver elemental closely misses you.
You miss the quicksilver elemental.
The quicksilver elemental is almost destroyed.
The quicksilver elemental completely misses you.
You hit the quicksilver elemental.
The quicksilver elemental is almost destroyed.
The quicksilver elemental barely misses you.
Your daeva blocks the quicksilver elemental's attack.
You slice the quicksilver elemental!!
You destroy the quicksilver elemental!
You hear your loved ones begging you to come home...
You feel frail.
Saving game... please wait.
Welcome back, megamayne420 the Hill Orc Abyssal Knight.
The Shining One says: Lead the forces of light to victory!
Press ? for a list of commands and other information.
Are you sure you want to abandon this character and quit the game? (Confirm with "yes".)

.∩#...........#
#+###...#####.#########
#..######.#######. #
#..# ####.........##
##'# ####.###.###.##
#))###....###.###..^
#####..)..#.#####.#####.
..#....)..#.###.....###.
..†......##.###.@#..###.
..#.......#....A#>#.....
..#######.#.###..#..###.
..# #.#.###.....###. ###
#.#.#####.#####.
#.....###.###...
#.###.###.###.##
#.###.........##
#.###.#######.##


You could see a friendly daeva (summoned).

Vanquished Creatures
  Cerebov (Pan)
  Gloorx Vloq (Pan)
  Lom Lobon (Pan)
  Mnoleg (Pan)
  2 dread liches
  3 ancient liches
  2 juggernauts
  Boris (Vaults:3)
  2 royal mummies
  Saint Roka (Depths:3)
  Vashnia (Snake:4)
  6 pandemonium lords
  3 caustic shrikes (Zig:18)
  Geryon (Hell)
  Nikola (Vaults:1)
  5 golden dragons
  4 bone dragons
  3 profane servitors
  An iron giant (Zig:12)
  2 hellephants (Zig:18)
  13 tentacled monstrosities
  7 Brimstone Fiends (Pan)
  Rupert (Snake:1)
  2 Ice Fiends (Pan)
  A Hell Sentinel (Abyss:4)
  2 deep elf blademasters (Zig:19)
  3 quicksilver dragons
  13 Executioners
  4 deep elf master archers
  9 titans
  5 liches
  A walking earthen tome (Depths:3)
  An eldritch tentacle (Pan)
  9 acid blobs
  12 sphinxes
  6 ancient champions
  2 storm dragons (Vaults:5)
  8 tengu reavers
  5 draconian monks
  13 nagarajas
  3 daevas
  15 tentacled starspawn
  4 shadow dragons (Vaults:5)
  2 revenants
  3 rockslimes
  7 fire giants
  Donald (Orc:2)
  4 demonspawn warmongers (Pan)
  2 iron dragons
  2 deep elf sorcerers (Vaults:5)
  10 azure jellies
  Aizul (Snake:3)
  4 emperor scorpions
  A quicksilver elemental (Dis:1)
  A fenstrider witch (Zig:17)
  12 cacodemons
  10 frost giants
  11 vault wardens
  A juggernaut zombie (Crypt:3)
  6 ghost moths
  Louise (Depths:3)
  3 draconian scorchers
  6 draconian knights
  14 balrugs
  13 ghouls
  2 angels (Pan)
  2 curse skulls (Pan)
  2 orc warlords (Depths:2)
  5 reapers
  5 draconian shifters
  3 draconian stormcallers (Zig:14)
  2 demonspawn blood saints (Pan)
  3 draconian annihilators
  A demonspawn corrupter (Pan)
  20 very ugly things
  11 ironbound preservers
  11 stone giants
  5 war gargoyles
  9 quicksilver oozes
  6 ironbound thunderhulks
  6 vampire knights
  11 deep elf demonologists
  A demonspawn black sun (Pan)
  7 lorocyprocas
  An ophan (Pan)
  2 green draconians
  3 purple draconians
  5 black draconians
  A white draconian (Zig:14)
  2 red draconians (Zig:10)
  5 dire elephants
  2 apis (Pan)
  3 yellow draconians
  2 entropy weavers (Zig:16)
  A bunyip (Zig:17)
  2 spark wasps (Zig:16)
  4 deep elf annihilators
  15 ettins
  Snorg (Lair:4)
  2 iron golems (Dis:1)
  13 green deaths
  12 eidola
  The ghost of crompyre the Basher, a journeyman GnCA of Ignis (Lair:4)
  13 blizzard demons
  10 merfolk impalers
  7 mummy priests
  10 yaktaur captains
  A great orb of eyes (shapeshifter) (Vaults:5)
  A jiangshi (Crypt:1)
  3 fire dragons
  8 great orbs of eyes
  4 deep elf high priests
  A boulder beetle (shapeshifter) (Zig:7)
  13 merfolk javelineers
  A salamander tyrant (Snake:4)
  Harold (D:10)
  12 hydras
  3 rakshasas
  5 anacondas
  2 spriggan skeletons
  5 naga warriors
  27 vault guards
  A caustic shrike simulacrum (Zig:11)
  4 ice dragons
  A radroach (Zig:16)
  3 boulder beetles
  2 ogre magi
  4 alligator snapping turtles
  5 ironbound frosthearts
  6 merfolk avatars
  6 spriggan air magi
  2 demonspawn (Orc:2)
  3 death knights
  A hell beast (Pan)
  A two-headed ogre (shapeshifter) (Vaults:5)
  6 centaur warriors
  3 catoblepae (Zig:18)
  8 merfolk aquamancers
  6 two-headed ogres
  A satyr (Zig:13)
  11 death scarabs
  7 dancing weapons
  4 deep troll shamans
  11 death yaks
  8 orc high priests
  A spriggan berserker (Depths:3)
  2 tengu warriors (Depths:3)
  7 hell hogs
  5 deep troll earth magi
  3 vampire magi
  A titan zombie (Crypt:3)
  7 shock serpents
  Urug (Lair:5)
  30 thrashing horrors
  21 hell knights
  9 naga sharpshooters
  A shock serpent (shapeshifter) (D:15)
  8 deep elf knights
  18 soul eaters
  A crystal echidna (Dis:1)
  Sonja (Lair:4)
  32 sun demons
  4 iron trolls
  16 wretched stars
  18 sixfirhies
  A storm dragon zombie (Crypt:3)
  21 skeletal warriors
  A fire crab (shapeshifter) (D:13)
  A spark wasp zombie (Crypt:1)
  8 shadow wraiths
  4 salamander mystics
  A titan skeleton (Abyss:3)
  2 spatial maelstroms
  2 storm dragon skeletons
  A cherub (Pan)
  2 steelbarb worms (Zig:16)
  A spriggan druid (Zig:18)
  3 bunyip zombies
  2 swamp dragons (Zig:17)
  4 flayed ghosts
  6 shadow demons
  15 sea snakes
  9 ironbound convokers
  21 deep trolls
  A golden dragon zombie (Tomb:1)
  2 orange crystal statues
  7 naga ritualists
  Pikel (D:4)
  A bog body (Crypt:2)
  2 obsidian statues
  2 spriggan simulacra (Zig:11)
  12 phantasmal warriors
  2 orb spiders (Zig:16)
  7 necromancers
  7 deep elf archers
  21 harpies
  9 wizards
  5 orc knights
  A shadow dragon zombie (Crypt:3)
  2 lindwurms
  5 deep elf zephyrmancers
  An iron dragon zombie (Crypt:3)
  An oklob plant (Lair:5)
  An anaconda skeleton (Abyss:2)
  17 deep elf pyromancers
  37 ugly things
  2 wolf spiders (Zig:16)
  9 salamanders
  A cyclops (shapeshifter) (Zig:12)
  7 cyclopes
  11 fauns
  A dire elephant zombie (Crypt:3)
  A salamander (shapeshifter) (Abyss:4)
  4 worldbinders
  12 manticores
  7 orc sorcerers
  A stone giant skeleton (Pan)
  A manticore (shapeshifter) (Zig:15)
  Maurice (D:8)
  3 moths of wrath (shapeshifter)
  4 moths of wrath
  5 ice statues
  2 rust devils (Hell)
  4 apocalypse crabs
  7 elephants
  A black mamba (shapeshifter) (Slime:5)
  4 torpor snails
  11 water nymphs
  7 guardian serpents
  An eye of devastation (shapeshifter) (Vaults:5)
  An elephant (shapeshifter) (Zig:8)
  An iron dragon skeleton (Abyss:2)
  6 merfolk sirens
  23 smoke demons
  9 vault sentinels
  3 eyes of devastation
  18 black mambas
  A storm dragon simulacrum (Crypt:1)
  9 naga magi
  A molten gargoyle (Lair:3)
  20 hellions
  2 unseen horrors (shapeshifter)
  13 orange demons
  2 dire elephant skeletons (Pan)
  9 komodo dragons
  10 cane toads
  11 rime drakes
  9 demonic crawlers
  5 unseen horrors
  4 efreet
  5 freezing wraiths
  17 yaktaurs
  11 guardian mummies
  A yaktaur (shapeshifter) (D:14)
  2 meliai (Zig:16)
  5 ice devils
  12 ancient zymes
  7 hellwings (Pan)
  10 wind drakes
  4 red devils (Pan)
  7 trolls
  10 polar bears
  2 queen bees (shapeshifter)
  4 tormentors
  A tengu simulacrum (Zig:11)
  3 hornets
  3 harpy zombies
  31 merfolk
  A wind drake (shapeshifter) (D:13)
  Grinder (D:3)
  4 harpy skeletons
  23 raiju
  A tarantella (Zig:16)
  19 blink frogs
  A hydra skeleton (Crypt:1)
  66 slime creatures
  7 snapping turtles
  A dream sheep (shapeshifter) (Depths:3)
  2 culicivoras
  A fire dragon skeleton (Crypt:2)
  20 flying skulls
  2 shadows
  3 air elementals
  2 spriggans
  18 wraiths
  32 yaks
  A vampire (D:12)
  A jumping spider (Zig:16)
  An ettin skeleton (Crypt:1)
  5 fire elementals
  22 ynoxinuls
  A human (shapeshifter) (Zig:15)
  A wyvern (Lair:3)
  A human (D:14)
  3 basilisks
  7 fire bats
  10 ushabtiu
  12 chaos spawn
  11 water elementals
  18 neqoxecs
  11 vampire mosquitoes
  A death yak simulacrum (Lair:4)
  3 redbacks
  2 naga zombies (Crypt:3)
  A steam dragon (D:8)
  39 nagas
  2 spatial vortices (Abyss:3)
  4 wargs
  71 large abominations
  An acid dragon (Zig:3)
  17 water moccasins
  9 hell hounds
  2 hydra simulacra (Lair:4)
  3 black bears
  50 orc warriors
  2 ice beasts (Zig:11)
  17 necrophages
  13 ogres
  A swamp dragon zombie (Crypt:3)
  11 centaurs
  7 wolves (IceCv)
  3 phantoms
  A kobold brigand (D:12)
  4 gnoll sergeants
  15 bullfrogs
  20 small abominations
  6 wyvern skeletons (Crypt:3)
  A dream sheep simulacrum (Lair:4)
  An elephant simulacrum (Lair:4)
  16 killer bees
  7 electric eels
  A wight (Abyss:3)
  3 howler monkeys (D:8)
  80 starcursed masses
  4 crimson imps (Pan)
  A bullfrog zombie (D:6)
  4 centaur zombies
  4 hounds
  A gnoll shaman (D:8)
  34 orc priests
  2 jellies
  2 iron imps
  3 iguanas
  13 orc wizards
  A killer bee zombie (D:8)
  A sky beast zombie (Crypt:1)
  A tengu skeleton (Crypt:1)
  A hound skeleton (D:4)
  27 mummies
  Robin (D:3)
  A howler monkey skeleton (D:7)
  20 gnolls
  6 adders
  2 shadow imps
  15 white imps
  4 worms
  5 dart slugs
  80 orcs
  9 ball pythons
  5 bats
  4 endoplasms
  5 giant cockroaches
  21 goblins
  10 hobgoblins
  2 jackals
  3 quokkas (D:1)
  4 frilled lizards
  9 kobolds
  5 rats (D:1)
  2 fire vortices (Zig:5)
  2 lurking horrors
  10 starspawn tentacles
2597 creatures vanquished.

Vanquished Creatures (collateral kills)
  Sojobo (Tomb:3)
  8 royal mummies
  A caustic shrike (Dis:1)
  A pandemonium lord (Zig:5)
  A bone dragon (Zig:10)
  A Brimstone Fiend (Zig:5)
  A tentacled monstrosity (Pan)
  2 liches (Tomb:3)
  2 Executioners (Zig:5)
  3 ancient champions
  A tentacled starspawn (Zig:10)
  2 tengu reavers (Tomb:3)
  A revenant (Zig:20)
  A frost giant (Zig:12)
  2 fire giants (Zig:12)
  2 cacodemons (Pan)
  A draconian scorcher (Zig:14)
  A draconian stormcaller (Zig:10)
  A war gargoyle (Zig:7)
  A draconian annihilator (Zig:10)
  8 bennus (Tomb:3)
  A very ugly thing (Pan)
  A white draconian (Zig:10)
  A black draconian (Zig:10)
  A blizzard demon (Zig:9)
  A green death (Zig:5)
  A merfolk javelineer (Zig:17)
  10 mummy priests
  2 deep elf high priests
  A boulder beetle (Zig:16)
  A rakshasa (Zig:6)
  A hydra (Zig:18)
  A hell beast (Zig:5)
  2 dancing weapons (Zig:19)
  10 death scarabs (Tomb:3)
  A sun demon (Zig:10)
  A deep elf knight (Zig:19)
  2 sixfirhies (Pan)
  A wretched star (Zig:9)
  2 skeletal warriors (Tomb:3)
  A death drake (Zig:10)
  2 orb spiders (Zig:16)
  A flayed ghost (Zig:20)
  A swamp dragon (Zig:17)
  A deep elf pyromancer (Zig:11)
  2 ugly things (Pan)
  An apocalypse crab (Zig:6)
  2 smoke demons (Pan)
  A torpor snail (Zig:16)
  A tormentor (Dis:1)
  3 hellwings (Pan)
  A harpy zombie (Tomb:3)
  18 guardian mummies
  4 flying skulls
  A ynoxinul (Zig:6)
  12 ushabtiu
  A water moccasin (Zig:18)
  4 large abominations
  An earth elemental (Zig:11)
  A small abomination (Zig:10)
  9 starcursed masses
  14 mummies
  A fire vortex (Zig:5)
166 creatures vanquished.

Vanquished Creatures (others)
  the Royal Jelly (Slime:5)
  A pandemonium lord (Zig:5)
  A Hell Sentinel (Zig:5)
  An acid blob (Slime:5)
  2 eldritch tentacles
  An azure jelly (Slime:5)
  A rockslime (Slime:5)
  A frost giant (Zig:11)
  A draconian scorcher (Zig:14)
  4 quicksilver oozes (Slime:5)
  A demonspawn blood saint (Pan)
  A green death (Pan)
  2 blizzard demons
  3 great orbs of eyes (Slime:5)
  A hell knight (Depths:4)
  A sixfirhy (Abyss:4)
  A shadow demon (Pan)
  A harpy (Zig:13)
  A wizard (Pan)
  A deep elf zephyrmancer (Zig:19)
  A shining eye (Slime:5)
  A mana viper (Zig:8)
  2 smoke demons (Pan)
  A hellion (Zig:5)
  A wind drake (Zig:13)
  A bloated husk (Zig:2)
  A hornet (Zig:15)
  A merfolk (Shoals:3)
  2 slime creatures (Slime:5)
  2 water elementals
  An ushabti (Tomb:3)
  A naga (Snake:4)
  A bat (D:2)
  A fire vortex (Zig:5)
  46 fungi
  163 plants
  21 starspawn tentacles
  9 toadstools (Lair:4)
  9 withered plants (Crypt:3)
292 creatures vanquished.

Grand Total: 3055 creatures vanquished

Notes
Turn   | Place    | Note
-------+----------+-------------------------------------------
     0 | Abyss:1  | megamayne420 the Hill Orc Abyssal Knight began the quest
                  | for the Orb.
     0 | Abyss:1  | Reached XP level 1. HP: 19/19 MP: 2/2
     0 | D:1      | Escaped the Abyss
    94 | D:1      | Reached skill level 3 in Axes
   101 | D:1      | Reached * piety under Lugonu
   119 | D:1      | Reached XP level 2. HP: 23/26 MP: 3/3
   268 | D:1      | Reached skill level 4 in Axes
   415 | D:2      | Reached XP level 3. HP: 22/31 MP: 4/4
   427 | D:2      | Found a blossoming altar of Fedhas.
   517 | D:3      | Noticed Natasha
   606 | D:3      | Reached skill level 5 in Axes
   677 | D:2      | Reached XP level 4. HP: 26/39 MP: 5/5
   776 | D:2      | Reached skill level 6 in Axes
   859 | D:2      | Found an iron altar of Okawaru.
   867 | D:2      | Noticed Sigmund
  1017 | D:3      | Reached XP level 5. HP: 15/45 MP: 6/6
  1045 | D:3      | Reached ** piety under Lugonu
  1092 | D:3      | Noticed Robin
  1228 | D:3      | Reached skill level 7 in Axes
  1259 | D:3      | Killed Robin
  1409 | D:3      | Noticed Grinder
  1409 | D:3      | Paralysed by Grinder for 4 turns
  1759 | D:3      | Paralysed by Grinder for 2 turns
  1768 | D:4      | Reached skill level 8 in Axes
  1768 | D:4      | Reached XP level 6. HP: 42/51 MP: 7/7
  1810 | D:4      | Noticed Pikel
  1877 | D:4      | Killed Pikel
  1878 | D:4      | Reached skill level 11 in Axes
  1878 | D:4      | Reached XP level 7. HP: 35/57 MP: 8/8
  2006 | D:5      | Entered Level 5 of the Dungeon
  2032 | D:5      | Noticed a hornet
  2184 | D:4      | Reached XP level 8. HP: 64/64 MP: 9/9
  2188 | D:4      | Reached *** piety under Lugonu
  2196 | D:4      | Identified the +6 chain mail of Dramatic Exits {rElec rF++
                  | Str-5 Stlth+}
  2354 | D:3      | Reached skill level 12 in Axes
  2403 | D:3      | Killed Grinder
  2404 | D:3      | Reached skill level 13 in Axes
  2411 | D:3      | Found a basalt altar of Yredelemnul.
  2498 | D:4      | Found an opulent altar of Gozag.
  2696 | D:5      | Killed a hornet
  2697 | D:5      | Reached skill level 14 in Axes
  2751 | D:6      | You fall into a shaft and drop 2 floors!
  2751 | D:8      | Found a shadowy altar of Dithmenos.
  2766 | D:8      | Noticed Maurice
  2798 | D:8      | Killed Maurice
  2799 | D:8      | Reached XP level 9. HP: 69/70 MP: 10/13
  2896 | D:8      | Reached skill level 1 in Evocations
  2919 | D:8      | Found Wyhomuops's Jewellery Boutique.
  3002 | D:8      | Reached **** piety under Lugonu
  3113 | D:8      | Found a broken altar of Ashenzari.
  3152 | D:8      | Reached skill level 1 in Shields
  3208 | D:9      | Found a blossoming altar of Fedhas.
  3259 | D:10     | Entered Level 10 of the Dungeon
  3488 | D:9      | Reached XP level 10. HP: 71/79 MP: 16/16
  3501 | D:9      | Reached skill level 5 in Fighting
  3501 | D:9      | Reached skill level 5 in Shields
  3761 | D:11     | Noticed a boulder beetle
  3762 | D:11     | Banished a boulder beetle
  3885 | D:10     | Noticed a gargoyle
  3889 | D:10     | Banished a gargoyle
  3930 | D:10     | Reached skill level 15 in Axes
  3936 | D:10     | Noticed Josephine
  3944 | D:10     | Banished Josephine
  4191 | D:11     | Noticed a two-headed ogre
  4208 | D:11     | Killed a two-headed ogre
  4209 | D:11     | Reached XP level 11. HP: 75/97 MP: 17/17
  4269 | D:11     | Identified the +10 arbalest "Ongink" {penet, +Blink rN++
                  | Str+2 Int-5}
  4303 | D:10     | Noticed Harold
  4318 | D:10     | Killed Harold
  4319 | D:10     | Reached skill level 16 in Axes
  4375 | D:10     | Reached skill level 10 in Fighting
  4405 | D:10     | Found a staircase to the Lair.
  4488 | D:11     | Noticed a two-headed ogre
  4498 | D:11     | Killed a two-headed ogre
  4499 | D:11     | Reached skill level 5 in Armour
  4520 | D:12     | Noticed a cyan ugly thing
  4525 | D:12     | Banished a cyan ugly thing
  4540 | D:11     | Got the Tome of Dislocation
  4548 | D:11     | Noticed a cyclops
  4573 | D:11     | Killed a cyclops
  4708 | D:12     | Noticed a boulder beetle
  4709 | D:12     | Banished a boulder beetle
  4800 | D:12     | Noticed a fire dragon
  4842 | D:12     | Found Bil Veutoadd's Weapon Shop.
  4851 | D:12     | Bought a +1 broad axe of freezing for 142 gold pieces
  4976 | D:12     | Reached XP level 12. HP: 42/106 MP: 18/18
  5067 | D:12     | Found Micw's Antique Armour Emporium.
  5076 | D:12     | Bought a pair of buzzing gloves for 304 gold pieces
  5076 | D:12     | Identified the +3 pair of gloves of the Sixty-Six Shrikes
                  | {*Corrode rPois rN+++ Regen+} (You bought it in a shop on
                  | level 12 of the Dungeon)
  5098 | D:12     | Found Toikeinap's Book Shoppe.
  5176 | D:13     | Noticed a centaur warrior
  5191 | D:13     | Killed a centaur warrior
  5197 | D:13     | Noticed a boulder beetle
  5200 | D:13     | Banished a boulder beetle
  5201 | D:13     | Reached skill level 17 in Axes
  5531 | D:13     | Noticed a centaur warrior
  5545 | D:13     | Noticed a six-headed hydra
  5555 | D:13     | Killed a one-headed hydra
  5615 | D:13     | Killed a centaur warrior
  5708 | D:13     | Found a frozen archway.
  5716 | D:13     | Noticed a centaur warrior
  5732 | D:13     | Killed a centaur warrior
  5733 | D:13     | Reached skill level 18 in Axes
  5738 | IceCv    | Entered an ice cave
  5773 | IceCv    | Reached skill level 1 in Dodging
  5776 | IceCv    | Noticed a death yak
  5783 | IceCv    | Killed a death yak
  5825 | IceCv    | Noticed a death yak
  5837 | IceCv    | Killed a death yak
  5897 | IceCv    | Noticed a death yak
  5897 | IceCv    | Noticed a frost giant
  5901 | IceCv    | Reached XP level 13. HP: 119/119 MP: 19/19
  5902 | IceCv    | Killed a frost giant
  5910 | IceCv    | Reached ***** piety under Lugonu
  6011 | IceCv    | Reached skill level 5 in Dodging
  6345 | D:12     | Found Biff's Antique Armour Shop.
  6394 | D:12     | Found a staircase to the Orcish Mines.
  6477 | Orc:1    | Entered Level 1 of the Orcish Mines
  6489 | Orc:1    | Reached skill level 15 in Fighting
  6608 | Orc:2    | Entered Level 2 of the Orcish Mines
  6654 | Orc:1    | Found a roughly hewn altar of Beogh.
  6688 | Orc:1    | Noticed an ettin
  6811 | Orc:2    | Identified the +4 kite shield of Privacy {Drain rN+++ rCorr
                  | Dex+4}
  6811 | Orc:2    | Noticed Donald
  6836 | Orc:2    | Found Qexkunaco's Distillery.
  6837 | Orc:2    | HP: 4/126 [orc/+0 short sword (5)]
  6854 | Abyss:1  | Noticed a great orb of eyes
  6866 | Abyss:1  | Killed a great orb of eyes
  7027 | Orc:2    | Escaped the Abyss
  7035 | Orc:2    | Found Xeesm's General Store.
  7241 | Orc:2    | Reached XP level 14. HP: 132/135 MP: 21/21
  7276 | Orc:2    | Reached skill level 10 in Invocations
  7298 | Orc:2    | Bought a potion of haste for 120 gold pieces
  7298 | Orc:2    | Bought a potion of invisibility for 96 gold pieces
  7363 | Orc:2    | Found a staircase to the Elven Halls.
  7392 | Elf:1    | Entered Level 1 of the Elven Halls
  7790 | Orc:2    | Found Udapurec's Book Boutique.
  7790 | Orc:2    | Found a one-way gate leading to the halls of Pandemonium.
  7790 | Orc:2    | Found Qexkunaco's Antique Weapon Shop.
  7794 | Orc:2    | Bought a crystal broad axe for 279 gold pieces
  7794 | Orc:2    | Identified the +8 broad axe "Impslayer" {flame, Fragile
                  | Will++ rCorr Dex+2} (You bought it in a shop on level 2 of
                  | the Orcish Mines)
  7979 | Orc:2    | Killed Donald
  8206 | Orc:1    | Found a roughly hewn altar of Beogh.
  8300 | D:12     | Found Lifuvex's General Store.
  8460 | Lair:1   | Entered Level 1 of the Lair of Beasts
  8814 | Lair:3   | Reached skill level 10 in Shields
  8827 | Lair:3   | Reached XP level 15. HP: 128/141 MP: 25/25
  8878 | Lair:4   | Found a runed translucent gate.
  8878 | Lair:4   | Found a runed translucent gate.
  8878 | Lair:4   | Found a runed translucent gate.
  8907 | Lair:4   | Noticed crompyre's ghost (journeyman GnCA)
  8943 | Lair:4   | Killed crompyre's ghost
  8974 | Lair:4   | Identified the ring of Guututi {Fire Str+4}
  8977 | Lair:4   | Identified the +3 pair of gloves "Qacrizuoto" {Dex+4}
  9232 | Lair:4   | Found a runed translucent door.
  9344 | Lair:4   | Noticed Sonja
  9359 | Lair:4   | Killed Sonja
  9486 | Lair:6   | Entered Level 6 of the Lair of Beasts
  9526 | Lair:5   | Noticed Urug
  9554 | Lair:5   | Killed Urug
  9571 | Lair:4   | Noticed Snorg
  9584 | Lair:4   | Killed Snorg
  9596 | Lair:4   | Found a staircase to the Snake Pit.
  9609 | Snake:1  | Entered Level 1 of the Snake Pit
  9609 | Snake:1  | Noticed Rupert
  9952 | Snake:3  | Noticed Aizul
  9968 | Snake:3  | Killed Aizul
  9992 | Snake:3  | Found Utoot's Jewellery Boutique.
  9993 | Snake:3  | Found Cablam's Book Emporium.
  9994 | Snake:3  | Found Liphih's Jewellery Boutique.
 10172 | Snake:4  | Entered Level 4 of the Snake Pit
 10311 | Snake:4  | Reached skill level 15 in Shields
 10339 | Snake:4  | Noticed a nagaraja
 10399 | Snake:4  | Killed a nagaraja
 10400 | Snake:4  | Reached XP level 16. HP: 39/149 MP: 26/26
 10620 | Snake:4  | Identified the +7 chain mail of the Wasteland {rElec rC+
                  | Int+3 Slay-6}
 10637 | Snake:4  | Reached ****** piety under Lugonu
 10650 | Snake:4  | Reached skill level 15 in Invocations
 10679 | Snake:4  | Noticed a nagaraja
 10707 | Snake:4  | Killed a nagaraja
 10783 | Snake:4  | Noticed a nagaraja
 10802 | Snake:4  | Killed a nagaraja
 10835 | Snake:4  | Noticed Vashnia
 10882 | Snake:4  | Killed Vashnia
 10908 | Snake:4  | Noticed a nagaraja
 10924 | Snake:4  | Killed a nagaraja
 10930 | Snake:4  | Noticed a nagaraja
 10945 | Snake:4  | Killed a nagaraja
 11032 | Snake:4  | Got a serpentine rune of Zot
 11211 | Snake:2  | Noticed a nagaraja
 11221 | Snake:2  | Killed a nagaraja
 11431 | Snake:1  | Reached skill level 1 in Throwing
 11447 | Snake:1  | Found Jykym's Armour Emporium.
 11455 | Snake:1  | Found Xuruacept's General Store.
 11501 | Snake:1  | Killed Rupert
 11804 | Lair:2   | Found a staircase to the Shoals.
 11832 | Shoals:1 | Entered Level 1 of the Shoals
 11980 | Shoals:1 | Reached skill level 10 in Armour
 11980 | Shoals:1 | Reached XP level 17. HP: 70/163 MP: 28/28
 12105 | Shoals:1 | Identified the +6 scimitar "Foonon" {drain, rF+ rN+++ Will+
                  | Int-2}
 12404 | Shoals:3 | Identified Roxanne's Handbook of the Rocks
 12404 | Shoals:3 | Noticed Roxanne
 12498 | Shoals:4 | Entered Level 4 of the Shoals
 12719 | Shoals:4 | HP: 8/166 [merfolk javelineer/javelin (14)]
 12800 | Shoals:4 | Got a barnacled rune of Zot
 13013 | Shoals:2 | Noticed Ilsuiw
 13032 | Shoals:2 | Noticed Polyphemus
 13521 | Lair:5   | Found a viscous altar of Jiyva.
 13521 | Lair:5   | Found a staircase to the Slime Pits.
 13527 | Slime:1  | Entered Level 1 of the Pits of Slime
 13584 | Slime:1  | Noticed an acid blob
 13623 | Slime:4  | Noticed an acid blob
 13631 | Slime:3  | Killed an acid blob
 13632 | Slime:3  | Reached XP level 18. HP: 153/178 MP: 29/29
 13711 | Slime:4  | Reached skill level 10 in Dodging
 13715 | Slime:5  | Entered Level 5 of the Pits of Slime
 13912 | Slime:5  | Found a viscous altar of Jiyva.
 13912 | Slime:5  | Noticed the Royal Jelly
 13917 | Slime:5  | Corrupted Slime:5
 13935 | Slime:5  | Killed the Royal Jelly
 13968 | Slime:5  | Got a slimy rune of Zot
 13984 | Slime:5  | Identified the -3 helmet "Woallesu" {Str+3}
 13989 | Slime:5  | Got Mnoleg's Volume of the Entourage
 14012 | Slime:5  | Identified the +4 broad axe "Geham" {pain, rElec rPois rC+
                  | Int+4}
 14051 | Slime:5  | Identified the +0 plate armour "Hyde" {Rampage rElec rC+
                  | Str+2}
 14475 | D:12     | Bought the +9 scales of the Dragon King {rPois rF+ rC+
                  | Will+} for 1497 gold pieces
 14475 | D:12     | Found the +9 scales of the Dragon King {rPois rF+ rC+
                  | Will+}
 14882 | D:15     | Entered Level 15 of the Dungeon
 15441 | D:13     | Found a gate to the Vaults.
 15462 | Vaults:1 | Entered Level 1 of the Vaults
 15568 | Vaults:1 | Noticed Nikola
 15582 | Vaults:1 | Killed Nikola
 15604 | Vaults:1 | Identified the ring "Quwuleis" {rElec rF+ rN+ Str+3 Dex+3}
 15752 | Vaults:1 | Reached XP level 19. HP: 168/189 MP: 30/30
 15889 | Vaults:2 | Found a staircase to the Crypt.
 16015 | Vaults:2 | Reached skill level 15 in Armour
 16301 | Vaults:3 | Found Dofonurgh's General Store.
 16317 | Vaults:3 | Bought a potion of flight for 60 gold pieces
 16339 | Vaults:3 | Noticed Boris
 16374 | Vaults:3 | Killed Boris
 16555 | Vaults:5 | Entered Level 5 of the Vaults
 16753 | Vaults:5 | Identified the amulet of Vehumet's Favour {rC+ Regen+}
 16828 | Vaults:5 | Noticed a golden dragon
 16844 | Vaults:5 | Killed a golden dragon
 16871 | Vaults:5 | Reached XP level 20. HP: 198/198 MP: 31/31
 16891 | Vaults:5 | Found Duthrie's Magic Scroll Shoppe.
 16956 | Vaults:5 | Found Lasotti's Magic Scroll Boutique.
 16968 | Vaults:5 | Got a silver rune of Zot
 16996 | Vaults:5 | Identified the ring of Qacyics {rN+ Will+ Dex+6}
 17066 | Vaults:5 | Bought a scroll of teleportation for 57 gold pieces
 17066 | Vaults:5 | Bought a scroll of enchant weapon for 142 gold pieces
 17066 | Vaults:5 | Bought a scroll of fear for 66 gold pieces
 17428 | Vaults:5 | Noticed a golden dragon
 17453 | Vaults:5 | Killed a golden dragon
 17535 | Vaults:5 | Identified the +9 executioner's axe of Gloom {venom, rElec
                  | rN+}
 17646 | Vaults:5 | Identified the +8 plate armour "Runues" {rF+ Dex+4}
 17706 | Vaults:5 | Noticed a golden dragon
 17722 | Vaults:5 | Killed a golden dragon
 17864 | Vaults:5 | Learned a level 1 spell: Apportation
 17867 | Vaults:5 | Learned a level 2 spell: Wereblood
 17870 | Vaults:5 | Learned a level 2 spell: Blink
 18477 | D:8      | Identified the +1 pair of gloves "Quoham" {Dex+7}
 18563 | D:7      | Found a shimmering blue altar of Sif Muna.
 18642 | D:5      | Found a staircase to the Ecumenical Temple.
 18651 | Temple   | Entered the Ecumenical Temple
 18839 | Temple   | Fell from the grace of Lugonu
 18839 | Temple   | Became a worshipper of the Shining One
 19178 | Crypt:1  | Entered Level 1 of the Crypt
 19193 | Crypt:1  | Reached skill level 19 in Axes
 19193 | Crypt:1  | Reached XP level 21. HP: 185/204 MP: 32/32
 19244 | Crypt:2  | Reached * piety under the Shining One
 19272 | Crypt:2  | Cast into level 3 of the Abyss (Lugonu's touch)
 19323 | Crypt:2  | Escaped the Abyss
 19373 | Crypt:2  | Reached ** piety under the Shining One
 19392 | Crypt:2  | Reached skill level 20 in Axes
 19404 | Crypt:3  | Entered Level 3 of the Crypt
 19439 | Crypt:3  | Reached *** piety under the Shining One
 19576 | Crypt:3  | Reached **** piety under the Shining One
 19688 | Crypt:3  | Reached skill level 21 in Axes
 19696 | Crypt:3  | Reached ***** piety under the Shining One
 19824 | Crypt:3  | Found a basalt altar of Yredelemnul.
 19916 | Crypt:3  | Reached ****** piety under the Shining One
 19935 | Crypt:3  | Noticed a bone dragon
 19949 | Crypt:3  | Killed a bone dragon
 19950 | Crypt:3  | Reached skill level 22 in Axes
 19985 | Crypt:3  | Noticed a profane servitor
 20023 | Crypt:3  | Killed a profane servitor
 20024 | Crypt:3  | Noticed a profane servitor
 20041 | Crypt:3  | Killed a profane servitor
 20053 | Crypt:3  | Identified the ring of the Genius {rC+ Int+4 Dex+4}
 20195 | Crypt:3  | Found a staircase to the Tomb.
 20216 | Tomb:1   | Entered Level 1 of the Tomb of the Ancients
 20691 | Tomb:1   | Noticed a royal mummy
 20737 | Tomb:1   | Killed a royal mummy
 20738 | Tomb:1   | Reached skill level 1 in Spellcasting
 20738 | Tomb:1   | Reached skill level 1 in Translocations
 20762 | Tomb:1   | Noticed a royal mummy
 20776 | Tomb:1   | Killed a royal mummy
 20777 | Tomb:1   | Reached XP level 22. HP: 130/213 MP: 34/34
 20974 | Tomb:1   | Cast into level 4 of the Abyss (Lugonu's touch)
 20989 | Tomb:1   | Escaped the Abyss
 21070 | Tomb:3   | Entered Level 3 of the Tomb of the Ancients
 21110 | Tomb:3   | Noticed a royal mummy
 21135 | Tomb:3   | Killed a royal mummy
 21136 | Tomb:3   | Reached skill level 5 in Evocations
 21137 | Tomb:3   | Noticed Sojobo
 21144 | Tomb:3   | Noticed a royal mummy
 21151 | Tomb:3   | Killed Sojobo
 21153 | Tomb:3   | Killed a royal mummy
 21164 | Tomb:3   | Noticed a royal mummy
 21177 | Tomb:3   | Killed a royal mummy
 21179 | Tomb:3   | Noticed a royal mummy
 21189 | Tomb:3   | Killed a royal mummy
 21207 | Tomb:3   | Noticed a royal mummy
 21210 | Tomb:3   | Killed a royal mummy
 21217 | Tomb:3   | Reached skill level 10 in Evocations
 21220 | Tomb:3   | Noticed a royal mummy
 21224 | Tomb:3   | Killed a royal mummy
 21225 | Tomb:3   | Noticed a royal mummy
 21228 | Tomb:3   | Killed a royal mummy
 21281 | Tomb:3   | Noticed a royal mummy
 21290 | Tomb:3   | Killed a royal mummy
 21300 | Tomb:3   | Found the +3 hat of Pondering {ponderous, Will+ MP+10
                  | Int+5}
 21303 | Tomb:3   | Found the +8 frozen axe "Frostbite" {freezing cloud, *Noise
                  | Fly rC+}
 21319 | Tomb:3   | Got the Grimoire of Unreason
 21324 | Tomb:3   | Identified the +5 short sword of the Screaming Saviour
                  | {drain, Str+3 Int+2}
 21331 | Tomb:3   | Identified the +6 buckler "Cepiutud" {rC+}
 21379 | Tomb:3   | Got a golden rune of Zot
 22091 | D:15     | Found a bloodstained altar of Trog.
 22274 | D:15     | Found a staircase to the Depths.
 22287 | Depths:1 | Entered Level 1 of the Depths
 22419 | Depths:2 | Found a one-way gate to the infinite horrors of the Abyss.
 22424 | Depths:2 | Reached XP level 23. HP: 220/220 MP: 36/36
 22479 | Depths:4 | Entered Level 4 of the Depths
 22529 | Depths:4 | Found Dianitoc's Armour Emporium.
 22529 | Depths:4 | Found Rovar's Magic Scroll Shoppe.
 22530 | Depths:4 | Found Qumidgh's Jewellery Shoppe.
 22533 | Depths:4 | Found Itaebb's Distillery.
 22547 | Depths:4 | Bought a potion of curing for 69 gold pieces
 22547 | Depths:4 | Bought a potion of curing for 69 gold pieces
 22547 | Depths:4 | Bought a potion of cancellation for 184 gold pieces
 22547 | Depths:4 | Bought a potion of cancellation for 184 gold pieces
 22550 | Depths:4 | Bought a scroll of teleportation for 39 gold pieces
 22550 | Depths:4 | Bought a scroll of blinking for 97 gold pieces
 22550 | Depths:4 | Bought a scroll of teleportation for 39 gold pieces
 22550 | Depths:4 | Bought a scroll of enchant weapon for 97 gold pieces
 22560 | Depths:4 | Found Vottipar's Antique Armour Emporium.
 22573 | Depths:4 | Bought the +2 cloak of the Thief {*Fog Slay-2 SInv Stlth+}
                  | for 603 gold pieces
 22573 | Depths:4 | Found the +2 cloak of the Thief {*Fog Slay-2 SInv Stlth+}
 22593 | Depths:4 | Noticed a golden dragon
 22616 | Depths:4 | Killed a golden dragon
 22684 | Depths:4 | Found a gateway to Hell.
 22848 | Depths:3 | Noticed Saint Roka
 22853 | Depths:3 | Reached skill level 5 in Translocations
 22878 | Depths:3 | Killed Saint Roka
 22900 | Depths:3 | Reached skill level 5 in Spellcasting
 22913 | Depths:3 | Cast into level 4 of the Abyss (Lugonu's touch)
 22948 | Abyss:4  | Found a corrupted altar of Lugonu.
 22973 | Abyss:4  | Gained mutation: You do not regenerate when monsters are
                  | visible. [a neqoxec]
 22984 | Abyss:4  | Paralysed by you for 2 turns
 23140 | Depths:3 | Escaped the Abyss
 23378 | Depths:3 | Identified the +1 robe of Nyicenoe {Str+4 Int+2 Dex-2 SInv}
 23385 | Depths:3 | Identified the ring "Fugieth" {Wiz rF++ Str-5 Int+4}
 23388 | Depths:3 | Identified the +0 pair of boots of Day {Dex+2}
 23513 | Depths:3 | Found a one-way gateway to a ziggurat.
 23577 | Depths:3 | Noticed Louise
 23590 | Depths:3 | Killed Louise
 23631 | Depths:3 | Lost mutation: You do not regenerate when monsters are
                  | visible. [potion of mutation]
 23631 | Depths:3 | Gained mutation: Your spells are a little harder to cast,
                  | but a little more powerful. [potion of mutation]
 23634 | Zig:1    | Entered Level 1 of a ziggurat
 23635 | Zig:1    | Noticed a juggernaut
 23654 | Zig:1    | Killed a juggernaut
 23673 | Zig:2    | Entered Level 2 of a ziggurat
 23691 | Zig:2    | Identified a scroll of acquirement
 23691 | Zig:2    | Acquired 1040 gold pieces
 23694 | Zig:3    | Entered Level 3 of a ziggurat
 23721 | Zig:4    | Entered Level 4 of a ziggurat
 23724 | Zig:4    | Noticed a dread lich
 23737 | Zig:4    | Killed a dread lich
 23739 | Zig:4    | Cast into level 4 of the Abyss (Lugonu's touch)
 23907 | Zig:4    | Escaped the Abyss
 23916 | Zig:4    | Identified the +2 helmet of Tulips {+Inv rElec rF+ Str+3}
 23934 | Zig:5    | Entered Level 5 of a ziggurat
 23938 | Zig:5    | Noticed Nufoutz the pandemonium lord
 23971 | Zig:5    | Killed Nufoutz the pandemonium lord
 23974 | Zig:5    | Found the +2 hood of the Assassin {Detection Stab+ Stlth++}
 24008 | Zig:6    | Entered Level 6 of a ziggurat
 24042 | Zig:7    | Entered Level 7 of a ziggurat
 24048 | Zig:7    | Noticed an ancient lich
 24048 | Zig:7    | Found the ring of the Mage {Wiz Archmagi}
 24061 | Zig:7    | Killed an ancient lich
 24069 | Zig:7    | Identified the +4 war axe "Seelothapp" {vorpal, rCorr}
 24075 | Zig:8    | Entered Level 8 of a ziggurat
 24088 | Zig:8    | Reached XP level 24. HP: 186/228 MP: 36/36
 24113 | Zig:8    | Identified the +1 ring mail "Lodowk" {rPois Int-4 Dex+4}
 24153 | Zig:9    | Entered Level 9 of a ziggurat
 24168 | Zig:9    | Reached skill level 1 in Transmutations
 24198 | Zig:9    | Got the Papyrus of Dark Arts and the Compass
 24220 | Zig:10   | Entered Level 10 of a ziggurat
 24244 | Zig:10   | Paralysed by accursed screaming for 2 turns
 24252 | Zig:10   | Paralysed by accursed screaming for 2 turns
 24307 | Zig:10   | Acquired megamayne420's Reference Book on Arcane Weapons
                  | and Displacement
 24310 | Zig:10   | Acquired the ring of Panunup {rCorr AC+4}
 24319 | Zig:10   | Identified the +5 hand crossbow "Raisin" {penet, rC+ MP+9
                  | Dex+2}
 24333 | Zig:10   | Learned a level 4 spell: Passage of Golubria
 24454 | Zig:11   | Entered Level 11 of a ziggurat
 24541 | Zig:11   | Identified the +4 chain mail "Davavoosm" {rElec Dex+6}
 24570 | Zig:12   | Entered Level 12 of a ziggurat
 24597 | Zig:12   | Noticed a Killer Klown
 24597 | Zig:12   | Noticed Viz Kuv the pandemonium lord
 24597 | Zig:12   | Noticed a Killer Klown
 24598 | Zig:12   | Noticed Diatuah the pandemonium lord
 24598 | Zig:12   | Noticed Qameppaz the pandemonium lord
 24598 | Zig:12   | Noticed a Killer Klown
 24598 | Zig:12   | Noticed Yhofrube the pandemonium lord
 24599 | Zig:12   | Noticed a Killer Klown
 24601 | Zig:12   | Identified the +2 leather armour "Lyihauc" {rC+}
 24619 | Depths:3 | Killed Diatuah the pandemonium lord
 24623 | Zig:1    | Entered Level 1 of a ziggurat
 24639 | Zig:2    | Entered Level 2 of a ziggurat
 24661 | Zig:3    | Entered Level 3 of a ziggurat
 24683 | Zig:4    | Entered Level 4 of a ziggurat
 24705 | Zig:4    | Reached skill level 10 in Translocations
 24717 | Zig:4    | Identified the +3 war axe of Crusades {spect, rC- rN+++
                  | rCorr Dex-2}
 24719 | Zig:5    | Entered Level 5 of a ziggurat
 24723 | Zig:5    | Noticed Zediak the pandemonium lord
 24742 | Zig:5    | Killed Zediak the pandemonium lord
 24749 | Zig:6    | Entered Level 6 of a ziggurat
 24769 | Zig:6    | Reached skill level 5 in Transmutations
 24785 | Zig:6    | Acquired a manual of Armour
 24795 | Zig:6    | Reached XP level 25. HP: 216/235 MP: 34/36
 24797 | Zig:6    | Identified the amulet "Woit Wod" {Fly rPois Regen+ Int-4}
 24802 | Zig:7    | Entered Level 7 of a ziggurat
 24804 | Zig:7    | Noticed an ancient lich
 24804 | Zig:7    | Noticed an ancient lich
 24809 | Zig:7    | Noticed an ancient lich
 24821 | Zig:7    | Killed an ancient lich
 24886 | Zig:7    | Got Taros's Almanac of Summoning and Transmigration
 24889 | Zig:8    | Entered Level 8 of a ziggurat
 24895 | Zig:8    | Noticed an ancient lich
 24914 | Zig:8    | Killed an ancient lich
 24924 | Zig:8    | Reached XP level 26. HP: 76/244 MP: 36/36
 24925 | Zig:8    | Reached XP level 27. HP: 78/250 MP: 36/36
 24926 | Zig:8    | Identified the amulet "Voigg" {RegenMP *Corrode rC+ rN++
                  | MP+9}
 24930 | Zig:8    | Got the Volume of Sinister Rituals
 24932 | Zig:9    | Entered Level 9 of a ziggurat
 25099 | Zig:9    | Paralysed by accursed screaming for 2 turns
 25108 | Zig:9    | Paralysed by accursed screaming for 1 turns
 25135 | Zig:9    | Got the Handbook of Earthen Air
 25139 | Zig:10   | Entered Level 10 of a ziggurat
 25191 | Zig:10   | Identified the ring "Keesugre" {Ice rPois SInv}
 25251 | Zig:11   | Entered Level 11 of a ziggurat
 25293 | Zig:11   | Gained mutation: You are robust. (+10% HP) [a cacodemon]
 25295 | Zig:11   | Identified the +6 tower shield of Catatonia {Rampage Fly
                  | rElec Str+4 Stlth-}
 25325 | Zig:11   | Identified the ring of Foymer {rPois rN+ Str+3 Dex+6
                  | Stlth+}
 25355 | Zig:12   | Entered Level 12 of a ziggurat
 25363 | Zig:12   | Noticed a juggernaut
 25376 | Zig:12   | Killed a juggernaut
 25415 | Zig:12   | Identified the amulet of Belejet {Spirit Will+ rCorr}
 25426 | Zig:13   | Entered Level 13 of a ziggurat
 25540 | Zig:13   | Identified the +0 buckler of Negligence {Str+3}
 25543 | Zig:13   | Identified the +1 plate armour of Xoidipt {Dex+4}
 25544 | Zig:13   | Reached skill level 10 in Transmutations
 25547 | Zig:14   | Entered Level 14 of a ziggurat
 25657 | Zig:14   | Identified the +3 leather armour of Kutocwor {+Blink rElec
                  | MP+9 Stlth+}
 25659 | Zig:15   | Entered Level 15 of a ziggurat
 25667 | Zig:15   | Noticed a dread lich
 25686 | Zig:15   | Killed a dread lich
 25747 | Zig:15   | Identified the +0 pair of boots of Resilience {rN+}
 25750 | Zig:15   | Identified the amulet "Osiunn" {Faith rN+}
 25771 | Zig:16   | Entered Level 16 of a ziggurat
 25791 | Zig:16   | Reached skill level 23 in Axes
 25817 | Zig:16   | Cast into level 5 of the Abyss (Lugonu's touch)
 25817 | Abyss:5  | Entered Level 5 of the Abyss
 25864 | Zig:16   | Escaped the Abyss
 25872 | Zig:16   | Paralysed by accursed screaming for 1 turns
 25877 | Zig:16   | Paralysed by accursed screaming for 2 turns
 25897 | Zig:16   | Found the macabre finger necklace {rN+}
 25911 | Zig:16   | Identified the amulet of Gebec {Acrobat rElec}
 25921 | Zig:17   | Entered Level 17 of a ziggurat
 25951 | Zig:17   | Reached skill level 24 in Axes
 26035 | Zig:17   | Found the +8 whip "Snakebite" {venom, curare, rPois}
 26045 | Zig:17   | Identified the amulet of Untiemo {Reflect Rampage SH+5
                  | SInv}
 26055 | Zig:18   | Entered Level 18 of a ziggurat
 26078 | Zig:18   | Reached skill level 25 in Axes
 26109 | Zig:18   | Identified the ring "Asym" {rPois rN+ Int+6}
 26177 | Zig:19   | Entered Level 19 of a ziggurat
 26186 | Zig:19   | Paralysed by an air elemental for 1 turns
 26199 | Zig:19   | Reached skill level 26 in Axes
 26281 | Zig:19   | Identified the ring of Satyriasis {rF+ Will- MP+9 Dex+7}
 26303 | Zig:19   | Identified the ring of Eneus {rPois Will+}
 26311 | Zig:19   | Identified the ring "Fyrph" {Will+ SInv Stlth+}
 26317 | Zig:20   | Entered Level 20 of a ziggurat
 26340 | Zig:20   | Noticed an ancient lich
 26345 | Zig:20   | Noticed an ancient lich
 26347 | Zig:20   | Noticed an ancient lich
 26354 | Zig:20   | Noticed a dread lich
 26360 | Zig:20   | Identified the ring of the Original Sin {rC+ Str+6 Dex+2
                  | SInv Stlth+}
 26361 | Zig:20   | Identified the ring of Birdsong {rPois Str+6}
 26501 | Pan      | Entered Pandemonium
 26543 | Pan      | Entered the realm of Mnoleg.
 26571 | Pan      | Found an exit through the horrors of the Abyss.
 26745 | Pan      | Noticed Mnoleg
 26759 | Pan      | Killed Mnoleg
 26761 | Pan      | Gained mutation: Your magical capacity is low. (-10% MP) [a
                  | cacodemon]
 26795 | Pan      | Identified a +9 executioner's axe of holy wrath (a +9
                  | vampiric executioner's axe blessed by the Shining One)
 26795 | Pan      | Received a gift from the Shining One
 26830 | Pan      | Gained mutation: You have hidden genetic defects. [a
                  | neqoxec]
 26849 | Pan      | Got a glowing rune of Zot
 26863 | Pan      | Gained mutation: You are occasionally teleported next to
                  | monsters. [a neqoxec]
 26863 | Pan      | Gained mutation: You are dopey. (Int -2) [a neqoxec]
 26907 | Pan      | Lost mutation: Your magical capacity is low. (-10% MP)
                  | [potion of mutation]
 26907 | Pan      | Lost mutation: You have hidden genetic defects. [potion of
                  | mutation]
 26907 | Pan      | Gained mutation: You expend magic power (3 MP) to
                  | strengthen your wands. [potion of mutation]
 26907 | Pan      | Gained mutation: You sometimes lose the ability to read
                  | scrolls when taking damage. [potion of mutation]
 26908 | Pan      | Lost mutation: Your spells are a little harder to cast, but
                  | a little more powerful. [potion of mutation]
 26908 | Pan      | Lost mutation: You are robust. (+10% HP) [potion of
                  | mutation]
 26908 | Pan      | Lost mutation: You sometimes lose the ability to read
                  | scrolls when taking damage. [potion of mutation]
 26908 | Pan      | Gained mutation: Your magical capacity is low. (-10% MP)
                  | [potion of mutation]
 26908 | Pan      | Gained mutation: Your body sometimes deteriorates upon
                  | taking damage. [potion of mutation]
 26908 | Pan      | Gained mutation: You are partially covered in large bone
                  | plates. (SH +4) [potion of mutation]
 26909 | Pan      | Lost mutation: You expend magic power (3 MP) to strengthen
                  | your wands. [potion of mutation]
 26909 | Pan      | Lost mutation: Your body sometimes deteriorates upon taking
                  | damage. [potion of mutation]
 26909 | Pan      | Lost mutation: You are occasionally teleported next to
                  | monsters. [potion of mutation]
 26909 | Pan      | Gained mutation: Armour fits poorly on your strangely
                  | shaped body. [potion of mutation]
 26909 | Pan      | Gained mutation: You are partially covered in iridescent
                  | scales. (AC +2) [potion of mutation]
 27240 | Pan      | Noticed Haoropn the pandemonium lord
 27256 | Pan      | Killed Haoropn the pandemonium lord
 27428 | Pan      | Got a demonic rune of Zot
 27539 | Pan      | Found a white marble altar of Elyvilon.
 27568 | Pan      | Noticed Jufoyduts the pandemonium lord
 27569 | Pan      | Gained mutation: You are clumsy. (Dex -2) [a neqoxec]
 27583 | Pan      | Killed Jufoyduts the pandemonium lord
 27753 | Pan      | Noticed Xoasam the pandemonium lord
 27767 | Pan      | Killed Xoasam the pandemonium lord
 27954 | Pan      | Found an exit through the horrors of the Abyss.
 27965 | Pan      | Entered the realm of Gloorx Vloq.
 28037 | Pan      | Found an exit through the horrors of the Abyss.
 28165 | Pan      | Reached skill level 5 in Throwing
 28311 | Pan      | Noticed Gloorx Vloq
 28327 | Pan      | Killed Gloorx Vloq
 28345 | Pan      | Got a dark rune of Zot
 28381 | Pan      | Entered the realm of Lom Lobon.
 28558 | Pan      | Found an exit through the horrors of the Abyss.
 28641 | Pan      | Noticed Lom Lobon
 28668 | Pan      | Killed Lom Lobon
 28694 | Pan      | Got a magical rune of Zot
 28798 | Pan      | Entered the realm of Cerebov.
 28952 | Pan      | Identified the +4 long sword of Mana {speed, MP+9}
 28952 | Pan      | Identified the +1 kite shield "Wouhocs" {-Tele Fly rC+
                  | Str+4}
 28975 | Pan      | Found the +6 sword of Cerebov {flame}
 28975 | Pan      | Noticed Cerebov
 28991 | Pan      | Killed Cerebov
 29007 | Pan      | Cast into level 5 of the Abyss (Lugonu's touch)
 29007 | Abyss:5  | Entered Level 5 of the Abyss
 29034 | Pan      | Escaped the Abyss
 29052 | Pan      | Got a fiery rune of Zot
 29065 | Pan      | Identified the ring of the Sun {+Blink rCorr Int+6 SInv}
 29249 | Pan      | Identified the ring of Serendipity {Ice rElec Will+}
 29358 | Pan      | Noticed Qasiebb the pandemonium lord
 29366 | Pan      | Killed Qasiebb the pandemonium lord
 29453 | Pan      | Reached skill level 10 in Throwing
 29548 | Pan      | Noticed Veisud the pandemonium lord
 29572 | Pan      | Killed Veisud the pandemonium lord
 29601 | Pan      | Found an exit through the horrors of the Abyss.
 29604 | Pan      | Took an exit into the Abyss.
 29604 | Abyss:1  | Escaped into the Abyss
 29783 | Abyss:2  | Found a stormy altar of Qazlal.
 30160 | Abyss:3  | Found a basalt altar of Yredelemnul.
 30337 | Abyss:3  | Paralysed by accursed screaming for 1 turns
 30341 | Abyss:3  | Paralysed by accursed screaming for 1 turns
 30505 | Abyss:3  | Found a corrupted altar of Lugonu.
 30742 | Abyss:5  | Entered Level 5 of the Abyss
 30810 | Abyss:5  | Found a corrupted altar of Lugonu.
 30831 | Abyss:5  | Got an abyssal rune of Zot
 30901 | Depths:3 | Escaped the Abyss
 30945 | Hell     | Entered the Vestibule of Hell
 30950 | Hell     | Noticed Geryon
 30956 | Hell     | Killed Geryon
 30996 | Hell     | Found a gateway to the Iron City of Dis.
 31004 | Dis:1    | Entered Level 1 of the Iron City of Dis
 31160 | Dis:1    | Quit the game

Illustrated notes

Levels and vault maps discovered:
D:1:      psy_arrival_conway, layout_loops_corners, minmay_quantized
D:2:      layout_rooms, basic_altar, minivault_25,
          chequers_serial_rivers_micro_e, minmay_hexomino_r4,
          uniq_crazy_yiuf_cottage, uniq_sigmund
D:3:      layout_basic, lemuel_doored_altar, minmay_mini_jars, uniq_natasha,
          uniq_robin, uniq_grinder
D:4:      minmay_bubble_buster, layout_loops_cross, nicolae_gozag_seed_capital,
          uniq_pikel
D:5:      layout_gridville, minmay_temple_entry_junction
D:6:      layout_gridville, serial_shops, nicolae_square_shop,
          gammafunk_ghost_arena
D:7:      layout_rooms, mainiacjoe_overflow_cross_hatched,
          nicolae_sif_muna_condensation, serial_bayou_pond_c
D:8:      layout_cave_pods, cheibrodos_ashenzari_chains,
          nicolae_dithmenos_the_darkroom, serial_shops, shop,
          kennysheep_generic_room_4, uniq_maurice
D:9:      layout_roguey, fedhas_ov_isle_minmay
D:10:     layout_stronghold, zin_scriptorium, due_lair_maze_entry_diamond,
          uniq_harold, uniq_josephine
D:11:     layout_cave_pods
D:12:     layout_rooms, kennysheep_orc_monster_closet_entryway, serial_shops,
          shop, nicolae_inconvenience_store, nicolae_shop_bloodbath_and_beyond,
          nicolae_take_the_stairs, nicolae_square_shop, corexii_checkpoint_a,
          minmay_misc_feat_ornament
D:13:     layout_stronghold, david_vaults_4, portal_ice_cave_entry_imps,
          grunt_ministairs_6, minmay_rotating_lava
D:14:     layout_roguey, minmay_misc_feat_square,
          amcnicky_mini_corridor_feature, corexii_checkpoint_b, grunt_livestock
D:15:     hangedman_depths_entry_try_elsewhere_first, layout_loops_ring,
          trog_three_pillars_becter
Temple:   minmay_temple_curvy_branch
Lair:1:   layout_chaotic_city
Lair:2:   layout_loops_ring, minmay_shoals_entry_beasts
Lair:3:   layout_gridlike, special_room [special_room_bee], st_stairs_10,
          chequers_serial_rivers_marsh, amcnicky_mini_pool_medium
Lair:4:   gammafunk_lair_enchanted_lake, layout_gridlike,
          guppyfry_snake_entry_island, gammafunk_ghost_icy, ldierk_geyser,
          uniq_snorg, uniq_sonja
Lair:5:   layout_cave_pods, dpeg_slime_entry_enclosed_altar, uniq_urug
Lair:6:   hellmonk_lair_end_abyssal_woods, layout_cave_pods, grunt_megastairs_3,
          lemuel_fruit_fields, serial_bayou_shore_b
Shoals:1: layout_shoals, nicolae_shoals_pincushion_passage
Shoals:2: layout_shoals, uniq_polyphemus, uniq_ilsuiw
Shoals:3: layout_shoals, uniq_roxanne
Shoals:4: shoals_end_simple, layout_shoals, lightli_airlock
Snake:1:  layout_layer_cave, minmay_shop_star, serial_bayou_shore_a, uniq_rupert
Snake:2:  layout_layer_cave, st_stairs_9
Snake:3:  layout_chambers, minmay_shop_grove, uniq_aizul
Snake:4:  johnstein_snake_rune_scales, layout_gridlike, grunt_megastairs_4,
          uniq_vashnia
Slime:1:  layout_caves, cheibrodos_slime_lost_civilization_6
Slime:2:  layout_caves
Slime:3:  layout_caves
Slime:4:  layout_caves
Slime:5
Orc:1:    layout_caves, basic_altar, nicolae_orc_lava_tube, minmay_orc_temple_c
Orc:2:    pf_orc_diabolical, layout_diamond_mine, uniq_donald
Elf:1:    elf_arrival_001, layout_loops_cross, minmay_elf_sorcery, uniq_louise,
          uniq_agnes, uniq_kirke
Vaults:1: vaults_dpeg_diagonal, nicolae_vaults_little_squares_5,
          grunt_vaults_hallway_short, vaults_standard_mumra_lines,
          vaults_room_octagon, vaults_mumra_minichess_inversion,
          vaults_room_grunt_arrival_checkpoint,
          ontoclasm_vaults_decontamination, ontoclasm_vaults_hangar,
          vaults_room_pools, nicolae_vaults_asterisk,
          layout_vaults_chaotic_city, uniq_nikola
Vaults:2: minmay_crypt_entry_simple_plaza, vaults_mumra_chevron,
          nicolae_vaults_asterisk, nicolae_vaults_back_hallway,
          nicolae_vaults_rhombus_5, vaults_room_ringed_pool,
          nicolae_vaults_windows_and_doors_thing, nicolae_vaults_hallways_thing,
          vaults_dpeg_hooks, nicolae_vaults_what_the_h, v_misc_12, v_misc_15,
          layout_vaults_omnibox
Vaults:3: nicolae_vaults_three_branches, hangedman_vaults_cutoff,
          nicolae_vaults_little_squares_5, v_misc_11, v_pattern_1, v_rooms_5,
          vaults_dpeg_doors, v_misc_32, nicolae_vaults_little_squares_4,
          layout_vaults_maze_snakey, serial_shops, nicolae_shop_statue_plus,
          uniq_boris
Vaults:4: hangedman_vaults_restitches, vaults_mumra_hex, v_alt_pattern_4,
          v_misc_13, v_misc_4, v_misc_15, grunt_vaults_swirl,
          hangedman_vaults_impose, layout_vaults_ring
Vaults:5
Crypt:1:  layout_basic, roderic_lattice_octagonal_star
Crypt:2:  layout_misc_corridors, due_unseen_surprise, grunt_megastairs_5
Crypt:3:  evilmike_haunted_forest, uniq_margery
Tomb:1
Tomb:2
Tomb:3:   uniq_sojobo
Depths:1: layout_gridlike, pan_entry, grunt_hell_entry_dis_mu, serial_shops,
          nicolae_shop_stone, shop_statue, shop, nicolae_lakefront_shop,
          hellmonk_scarab_ruin
Depths:2: cheibrodos_witchhunters_guild, layout_cave_pools, abyss_entry,
          chequers_serial_rivers_small_a, mu_enter_wizlab_5,
          rand_demon_pan_entry_9, hell_entry
Depths:3: kennysheep_water_balloons, layout_gridville, enter_ziggurat_f,
          nicolae_abyss_entry_one_way_or_another, hellmouth_3, pan_entry,
          nicolae_hepliaklqana_ecumenical_no_more, infiniplex_staircase_river,
          uniq_enchantress, uniq_saint_roka
Depths:4: grunt_zot_entry_pinwheel, layout_gridlike,
          grunt_hell_entry_demonic_statue, hangedman_decor_diamond_cutter,
          serial_shops, shop, nicolae_wu_jian_glorious_leap,
          serial_bayou_shore_b, minmay_shoptagon, uniq_frederick
Hell
Dis:1:    layout_jigsaw, nicolae_dis_having_a_grate_time

Skill      XL: |  1  2  3  4  5  6  7  8  9 10 11 12 13 14 15 16 17 18 19 20 21 22 23 24 25 26 27 |
---------------+----------------------------------------------------------------------------------+-----
Axes           | 3 4 5 6 8 11 14 15 16 18 19 22 26 | 26.0
Invocations    | 6 8 9 13 14 15 17 18 24 | 24.7
Evocations     | 3 11 | 11.6
Fighting       | 4 9 10 12 15 17 19 21 25 | 25.2
Shields        | 4 5 10 15 | 15.0
Armour         | 9 10 11 13 18 21 | 21.2
Dodging        | 3 7 9 11 | 11.2
Throwing       | 3 11 | 11.9
Spellcasting   | 1 2 7 |  7.8
Translocations | 1 2 8 10 11 12 14 | 14.0
Transmutations | 5 7 12 | 12.1

Action                   |  1- 3 |  4- 6 |  7- 9 | 10-12 | 13-15 | 16-18 | 19-21 | 22-24 | 25-27 || total
-------------------------+-------+-------+-------+-------+-------+-------+-------+-------+-------++-------
Melee: Hand axe          |    86 |    23 |       |       |       |       |       |       |       ||   109
       Short sword       |       |   120 |       |       |       |       |       |       |       ||   120
       War axe           |       |    23 |   210 |   223 |       |       |       |       |       ||   456
       Punch             |       |     3 |     1 |       |       |       |       |       |       ||     4
       Broad axe         |       |       |       |   212 |   989 |  1080 |  1305 |  1084 |   567 ||  5237
       Executioner's axe |       |       |       |       |       |       |       |       |  1114 ||  1114
Throw: Dart              |       |       |       |    20 |     8 |     3 |       |       |       ||    31
       Throwing net      |       |       |       |       |     4 |     1 |       |       |       ||     5
       Javelin           |       |       |       |       |       |       |       |       |     2 ||     2
 Cast: Apportation       |       |       |       |       |       |       |       |       |     5 ||     5
       Wereblood         |       |       |       |       |       |       |       |       |     5 ||     5
       Blink             |       |       |       |       |       |       |       |       |     3 ||     3
Invok: Depart the Abyss  |     1 |       |       |       |     1 |       |       |       |       ||     2
       Banish            |       |       |       |    10 |    12 |     8 |     3 |       |       ||    33
       Enter the Abyss   |       |       |       |       |     1 |       |       |       |       ||     1
       Bend Space        |       |       |       |       |     1 |     3 |       |       |       ||     4
       Corrupt           |       |       |       |       |       |     1 |       |       |       ||     1
       Summon Divine War |       |       |       |       |       |       |     1 |    22 |    28 ||    51
       Divine Shield     |       |       |       |       |       |       |     1 |     9 |    25 ||    35
       Cleansing Flame   |       |       |       |       |       |       |       |     5 |     2 ||     7
       Brand Weapon With |       |       |       |       |       |       |       |       |     1 ||     1
Evoke: Wand              |       |       |     3 |     3 |    16 |     6 |     2 |     4 |    16 ||    50
       Tin of tremorston |       |       |       |       |       |       |       |     4 |     8 ||    12
       Figurine of a zig |       |       |       |       |       |       |       |     1 |       ||     1
       Phantom mirror    |       |       |       |       |       |       |       |       |     1 ||     1
  Use: Scroll            |     2 |     2 |     8 |    10 |     4 |     8 |     4 |    10 |    20 ||    68
       Potion            |     1 |     5 |       |     5 |    12 |     6 |     3 |    14 |    15 ||    61
 Stab: Sleeping          |       |       |     1 |       |       |       |       |       |       ||     1
       Invisible         |       |       |       |     4 |     4 |       |       |       |       ||     8
       Held in net/web   |       |       |       |       |     1 |     2 |       |       |       ||     3
       Paralysed         |       |       |       |       |     9 |       |       |       |       ||     9
       Distracted        |       |       |       |       |       |     2 |       |       |       ||     2
Armor: Leather armour    |    20 |    58 |    10 |       |       |       |       |       |       ||    88
       Skin              |       |    24 |       |       |       |       |       |       |       ||    24
       Chain mail        |       |       |   175 |   331 |   436 |   418 |       |       |       ||  1360
       Gold dragon scale |       |       |       |       |       |    99 |   686 |   597 |  1206 ||  2588
Dodge: Dodged            |    61 |   115 |    79 |   129 |   301 |   303 |   442 |   462 |   988 ||  2880
       Repelled          |       |       |       |       |       |       |       |    25 |    41 ||    66
Block: Buckler           |       |       |     6 |    98 |    86 |       |       |       |       ||   190
       Kite shield       |       |       |       |       |   359 |   896 |  1096 |  1141 |  1209 ||  4701
       Other             |       |       |       |       |       |       |       |       |   373 ||   373
